 Dungeon Crawl Stone Soup version 0.19.0 (webtiles) character file.

13921 PurpleRed the Severer (level 11, -1/95 HPs)
             Began as a Minotaur Fighter on Nov 12, 2016.
             Was the Champion of Okawaru.
             Slain by a skeletal warrior
             ... wielding a +0 scimitar
             ... led by a skeletal warrior
              (13 damage)
             ... on level 11 of the Dungeon.
             The game lasted 00:18:52 (12829 turns).

PurpleRed the Severer (Minotaur Fighter)           Turns: 12829, Time: 00:18:53

Health: -1/95      AC: 21    Str: 23    XL:     11   Next: 81%
Magic:  10/10      EV:  7    Int:  5    God:    Okawaru [******]
Gold:   223        SH:  0    Dex: 14    Spells: 0 memorised, 10 levels left

rFire  . . .     SeeInvis .     M - +0 battleaxe (venom)
rCold  + . .     Gourm    .     I - +0 plate armour
rNeg   . . .     Faith    .     (shield currently unavailable)
rPois  .         Spirit   .     c - +2 hat
rElec  .         Reflect  .     g - +1 cloak
rCorr  .         Harm     .     t - +0 pair of gloves {Dex+3}
MR     +....                    y - +0 pair of boots
Stlth  ..........               G - amulet of rage
                                J - ring of protection from magic
                                P - ring of protection from cold

@: studying Stealth
A: retaliatory headbutt, horns 2
a: Heroism, Finesse, Renounce Religion, Evoke Berserk Rage


You were on level 11 of the Dungeon.
You worshipped Okawaru.
Okawaru was exalted by your worship.
You were hungry.

You visited 2 branches of the dungeon, and saw 13 of its levels.
You visited 1 bazaar.

You collected 853 gold pieces.
You spent 630 gold pieces at shops.

Inventory:

Hand Weapons
 m - a +0 broad axe of flaming
 D - a +0 flail of protection
 M - a +0 battleaxe of venom (weapon)
Armour
 c - a +2 hat (worn)
 g - a +1 cloak (worn)
 t - a +0 pair of gloves of dexterity (worn)
 y - a +0 pair of boots (worn)
 I - a +0 plate armour (worn)
Jewellery
 G - an amulet of rage (around neck)
 J - a ring of protection from magic (right hand)
 P - a ring of protection from cold (left hand)
Wands
 n - a wand of digging (5/24)
 q - a wand of hasting (4/9)
 L - a wand of iceblast (10/15)
Scrolls
 j - 2 scrolls of enchant armour
 k - 3 scrolls of recharging
 o - a scroll of fear
 p - 5 scrolls of remove curse
 r - 2 scrolls of teleportation
 F - a scroll of immolation
 H - 2 scrolls of magic mapping
Potions
 b - 2 potions of heal wounds
 d - 4 potions of might
 e - a potion of invisibility
 i - 2 potions of flight
 l - 4 potions of lignification
 u - a potion of agility
 x - 4 potions of brilliance
 z - 3 potions of curing
 A - 2 potions of magic {unknown}
 B - a potion of ambrosia {unknown}
 C - 2 potions of haste
 E - a potion of mutation {unknown}
Books
 a - a manual of Stealth
Comestibles
 f - 7 bread rations
 h - 9 fruits
 s - 11 royal jellies
 v - 6 meat rations
 w - 5 beef jerkies
 N - a slice of pizza


   Skills:
 + Level 8.8 Fighting
 * Level 17.8 Axes
 + Level 9.0 Armour
   Level 6.4 Shields


You had 10 spell levels left.
You didn't know any spells.

Dungeon Overview and Level Annotations

Branches:
Dungeon (12/15)            Temple (1/1) D:4            Lair (0/6) D:11
    Orc (0/2) D:11

Altars:
Ashenzari
Cheibriados
Dithmenos
Elyvilon
Fedhas
Gozag
Hepliaklqana
Kikubaaqudgha
Makhleb
Nemelex Xobeh
Okawaru
Qazlal
Ru
Sif Muna
Trog
Uskayaw
Vehumet
Xom
Yredelemnul
Zin
The Shining One

Shops:
D:6 (   D:8 *   D:10 (

Annotations:
D:5 Prince Ribbit


Innate Abilities, Weirdness & Mutations

You reflexively headbutt those who attack you in melee.
You have a pair of horns on your head.


Message History

You slash the skeletal warrior!
You headbutt the skeletal warrior, but do no damage.
The skeletal warrior is heavily damaged.
The skeletal warrior hits you with a scimitar!
* * * LOW HITPOINT WARNING * * *
You closely miss the skeletal warrior.
Your headbutt misses the skeletal warrior.
The skeletal warrior is heavily damaged.
The skeletal warrior hits you but does no damage.
You slash the skeletal warrior!
Your headbutt misses the skeletal warrior.
The skeletal warrior is severely damaged.
Your plate armour prevents you from hitting the skeletal warrior.
Your headbutt misses the skeletal warrior.
The skeletal warrior is severely damaged.
The skeletal warrior hits you but does no damage.
Your plate armour prevents you from hitting the skeletal warrior.
The skeletal warrior is severely damaged.
The skeletal warrior hits you with a scimitar!
You die...

...........### ######
..##.........#####....#
####......##.........##
# #......####...#####
#......#####..#
##....#.......###
#..............#
#..............#
#...........@..#
#............z.#
#............#.##
#....#......##..#
#....###...###..##
#####....# ##### ##..#
.........# #..##
.........# ##..##
(........# #....#


You could see a skeletal warrior.

Vanquished Creatures
  Rupert (D:12)
  The ghost of PurpleRed the Severer, a journeyman MiFi of Okawaru (D:10)
  2 hill giants (D:11)
  2 ugly things (D:11)
  2 cyclopes
  An elephant (D:11)
  Psyche (D:10)
  2 kobold demonologists (D:11)
  2 trolls
  2 hornets
  A hippogriff (D:7)
  A water elemental (D:11)
  A vampire (D:10)
  Eustachio (D:5)
  A basilisk (D:11)
  A hungry ghost (D:7)
  Menkaure (D:6)
  2 soldier ants (D:9)
  Duvessa (D:4)
  2 ice beasts
  5 orc warriors
  3 sky beasts
  2 phantoms
  6 ogres
  2 centaurs
  2 big kobolds
  4 bullfrogs
  Dowan (D:4)
  A wyvern skeleton (D:10)
  A scorpion (D:9)
  9 killer bees
  13 wights
  3 howler monkeys
  4 electric eels (D:11)
  6 crimson imps
  A centaur zombie (D:11)
  2 bullfrog skeletons
  2 jellies
  5 orc priests
  6 hounds
  4 orc wizards
  2 centaur skeletons (D:5)
  Jessica (D:2)
  Ijyb (D:2)
  Natasha (D:2)
  7 iguanas
  11 worker ants
  A killer bee zombie (D:8)
  2 hound zombies
  3 hound skeletons
  7 gnolls
  15 adders
  4 shadow imps
  2 adder zombies
  An ooze (D:1)
  4 worms
  A dart slug (D:2)
  6 leopard geckos
  48 orcs
  2 ball pythons
  4 giant cockroaches
  6 goblins
  8 hobgoblins
  9 jackals
  18 kobolds
  4 quokkas
  9 bats
  9 frilled lizards
  5 rats
301 creatures vanquished.

Vanquished Creatures (others)
  An iguana (D:11)
  A shadow imp (D:11)
2 creatures vanquished.

Grand Total: 303 creatures vanquished

Notes
Turn   | Place    | Note
-------+----------+-------------------------------------------
     0 | D:1      | PurpleRed the Minotaur Fighter began the quest for the Orb.
     0 | D:1      | Reached XP level 1. HP: 19/19 MP: 0/0
   175 | D:1      | Reached XP level 2. HP: 27/27 MP: 1/1
   606 | D:1      | Reached skill level 3 in Axes
   681 | D:2      | Reached XP level 3. HP: 33/33 MP: 2/2
   805 | D:2      | Noticed Ijyb
   812 | D:2      | Killed Ijyb
   846 | D:2      | Found a glowing silver altar of Zin.
  1004 | D:2      | Reached XP level 4. HP: 27/41 MP: 3/3
  1273 | D:2      | Noticed Jessica
  1275 | D:2      | Killed Jessica
  1506 | D:2      | Reached XP level 5. HP: 38/47 MP: 4/4
  1591 | D:2      | Noticed Natasha
  1598 | D:2      | Killed Natasha
  1876 | D:3      | Found a shimmering altar of Xom.
  1876 | D:3      | Found a shimmering altar of Xom.
  1876 | D:3      | Found a shimmering altar of Xom.
  1904 | D:3      | Found a radiant altar of Vehumet.
  1980 | D:3      | Reached skill level 5 in Shields
  2028 | D:3      | Reached skill level 5 in Fighting
  2028 | D:3      | Reached skill level 5 in Armour
  2501 | D:3      | Found a shimmering altar of Xom.
  2501 | D:3      | Found a shimmering altar of Xom.
  2501 | D:3      | Found a shimmering altar of Xom.
  2596 | D:4      | Noticed an ogre
  2601 | D:4      | Killed an ogre
  2601 | D:4      | Reached skill level 4 in Axes
  2601 | D:4      | Reached XP level 6. HP: 55/56 MP: 5/5
  2835 | D:4      | Found a sacrificial altar of Ru.
  2858 | D:4      | Noticed Dowan
  2859 | D:4      | Noticed Duvessa
  2865 | D:4      | Killed Duvessa
  2875 | D:4      | Killed Dowan
  2875 | D:4      | Reached XP level 7. HP: 46/62 MP: 6/6
  2878 | D:4      | Found a staircase to the Ecumenical Temple.
  2894 | D:4      | Got a polished ring mail
  2900 | Temple   | Entered the Ecumenical Temple
  3123 | Temple   | Became a worshipper of Warmaster Okawaru
  3169 | D:4      | Reached skill level 5 in Axes
  3709 | D:5      | Entered Level 5 of the Dungeon
  3780 | D:5      | Noticed Prince Ribbit
  3821 | D:5      | Found a shadowy altar of Dithmenos.
  4012 | D:5      | Identified the cursed +0 ring mail "Leugoip" {rF+ rN++ Str+4 Dex-4} (You found it on level 4 of the Dungeon)
  4097 | D:5      | Reached * piety under Okawaru
  4097 | D:5      | Reached skill level 6 in Axes
  4407 | D:5      | Reached skill level 7 in Axes
  4407 | D:5      | Reached XP level 8. HP: 55/70 MP: 7/7
  4496 | D:5      | Noticed Eustachio
  4511 | D:5      | Killed Eustachio
  4575 | D:6      | Reached skill level 8 in Axes
  4604 | D:6      | Found a burning altar of Makhleb.
  4690 | D:6      | Found Ammiat's Antique Weapon Shop.
  4716 | D:6      | Reached skill level 9 in Axes
  5016 | D:6      | Reached ** piety under Okawaru
  5039 | D:6      | Reached skill level 10 in Axes
  5351 | D:6      | Noticed Menkaure
  5363 | D:6      | Killed Menkaure
  5363 | D:6      | Reached skill level 11 in Axes
  5363 | D:6      | Reached XP level 9. HP: 22/75 MP: 8/8
  5843 | D:7      | You fall through a shaft for 2 floors!
  5871 | D:9      | Reached *** piety under Okawaru
  5873 | D:9      | Reached skill level 12 in Axes
  6303 | D:9      | Reached skill level 13 in Axes
  6390 | D:9      | Noticed a troll
  6401 | D:9      | Killed a troll
  6568 | D:9      | Found a glowing golden altar of the Shining One.
  6635 | D:10     | Entered Level 10 of the Dungeon
  6743 | D:8      | Found Bequk's Changing Room.
  6841 | D:8      | Reached **** piety under Okawaru
  7042 | D:8      | Reached skill level 14 in Axes
  7051 | D:8      | Reached XP level 10. HP: 31/83 MP: 9/9
  7499 | D:8      | Found an opulent altar of Gozag.
  7593 | D:8      | Found a hide-covered altar of Uskayaw.
  7841 | D:8      | Found a hazy altar of Hepliaklqana.
  7851 | D:8      | Found a blossoming altar of Fedhas.
  8458 | D:7      | Found a shattered altar of Ashenzari.
  8931 | D:10     | Reached skill level 15 in Axes
  9212 | D:10     | Noticed Psyche
  9214 | D:10     | Noticed PurpleRed's ghost (journeyman MiFi)
  9219 | D:10     | Killed Psyche
  9226 | D:10     | Killed PurpleRed's ghost
  9226 | D:10     | Reached ***** piety under Okawaru
  9354 | D:10     | Found Syiryloang's Weapon Shop.
  9372 | D:10     | Reached skill level 16 in Axes
  9520 | D:10     | Found a shadowy altar of Dithmenos.
  9721 | D:11     | Noticed a purple ugly thing
  9744 | D:11     | Killed a purple ugly thing
  9772 | D:11     | Found a flickering gateway to a bazaar.
  9781 | Bazaar   | Entered a bazaar
  9961 | Bazaar   | Found Toxt's Antique Weapon Emporium.
  9961 | Bazaar   | Found Huexuiza's Assorted Antiques.
  9997 | Bazaar   | Found Entopry's Magic Scroll Shoppe.
  9997 | Bazaar   | Found Pepnedich's Distillery.
 10039 | Bazaar   | Bought a glowing hat for 280 gold pieces
 10044 | Bazaar   | Bought a glowing battleaxe for 350 gold pieces
 10078 | D:11     | Noticed an elephant
 10087 | D:11     | Killed an elephant
 10386 | D:11     | Noticed a hill giant
 10392 | D:11     | Killed a hill giant
 10392 | D:11     | Reached XP level 11. HP: 53/92 MP: 10/10
 11012 | D:11     | Found a staircase to the Lair.
 11111 | D:11     | Noticed a hill giant
 11118 | D:11     | Killed a hill giant
 11222 | D:11     | Reached skill level 17 in Axes
 11244 | D:11     | Noticed a white ugly thing
 11253 | D:11     | Killed a white ugly thing
 11797 | D:11     | Found a staircase to the Orcish Mines.
 11847 | D:11     | Reached ****** piety under Okawaru
 12447 | D:12     | Noticed Rupert
 12456 | D:12     | Paralysed by Rupert for 7 turns
 12674 | D:12     | Killed Rupert
 12773 | D:12     | Noticed a skeletal warrior
 12774 | D:12     | Noticed a skeletal warrior
 12774 | D:12     | Noticed a skeletal warrior
 12775 | D:12     | Noticed a skeletal warrior
 12829 | D:11     | Slain by a skeletal warrior

Skill      XL: |  1  2  3  4  5  6  7  8  9 10 11 |
---------------+----------------------------------+-----
Shields        | 4 5 6 |  6.4
Axes           | 3 4 7 11 14 16 17 | 17.8
Fighting       | 4 5 6 7 8 |  8.8
Armour         | 4 5 6 7 9 |  9.0

Action                   |  1- 3 |  4- 6 |  7- 9 | 10-12 || total
-------------------------+-------+-------+-------+-------++-------
Melee: War axe           |    71 |   139 |   279 |       ||   489
       Headbutt          |     7 |    19 |    59 |    61 ||   146
       Broad axe         |       |       |    66 |   148 ||   214
       Battleaxe         |       |       |       |   186 ||   186
Invok: Heroism           |       |       |       |     2 ||     2
       Finesse           |       |       |       |     1 ||     1
  Use: Scroll            |       |     6 |    12 |     6 ||    24
       Potion            |       |       |       |     1 ||     1
  Eat: Chunk             |       |    18 |    17 |    11 ||    46
       Fruit             |       |       |       |     1 ||     1
Armor: Scale mail        |    24 |       |       |       ||    24
       Chain mail        |    13 |    60 |    44 |       ||   117
       Plate armour      |       |       |   112 |   135 ||   247
       Skin              |       |       |     7 |    10 ||    17
Dodge: Dodged            |    20 |    26 |    80 |    66 ||   192
Block: Shield            |    44 |    76 |   184 |    51 ||   355
